 Dungeon Crawl Stone Soup version 0.28-a0-803-g74956062c1 (webtiles) character file.

Game seed: 18082865829101640220

23 Gargoyl the Skirmisher (level 2, -2/29 HPs)
             Began as a Gnoll Abyssal Knight on Nov 7, 2021.
             Was an Initiate of Lugonu.
             Killed by nerve-wracking pain
             ... invoked by Jessica
              (4 damage)
             ... on level 2 of the Dungeon.
             The game lasted 00:01:33 (1426 turns).

Gargoyl the Skirmisher (Gnoll Abyssal Knight)       Turns: 1426, Time: 00:01:33

Health: -2/29      AC: 12    Str: 15    XL:     2   Next: 95%
Magic:  5/5        EV:  7    Int:  9    God:    Lugonu [......]
Gold:   34         SH:  0    Dex: 12    Spells: 2/2 levels left

rFire   . . .      SeeInvis .   a - +1 hand axe
rCold   . . .      Faith    .   (no shield)
rNeg    . . .      Spirit   .   e - +0 chain mail
rPois   .          Reflect  .   (no helmet)
rElec   .          Harm     .   (no cloak)
rCorr   .          Rampage  .   c - +2 pair of gloves {Str+3}
Will    .....                   (no boots)
Stlth   ..........              (no amulet)
HPRegen 0.09/turn               (no ring)
MPRegen 0.09/turn               (no ring)

@: no status effects
A: fangs 1, strong nose, distributed training
a: Renounce Religion


You were on level 2 of the Dungeon.
You worshipped Lugonu.
Lugonu was noncommittal.
You visited 1 branch of the dungeon, and saw 2 of its levels.
You visited the Abyss 1 time.

You collected 34 gold pieces.

Inventory:

Hand Weapons
 a - a +1 hand axe (weapon)
Armour
 c - a +2 pair of gloves of strength (worn)
 e - a +0 chain mail (worn)
Scrolls
 d - a scroll of immolation {unknown}
 f - a scroll of enchant armour {unknown}
 g - a scroll of blinking {unknown}


   Skills:
 + Level 6.5 Fighting
 + Level 0.5 Short Blades
 + Level 0.5 Long Blades
 + Level 4.5 Axes
 + Level 0.5 Maces & Flails
 + Level 0.5 Polearms
 + Level 0.5 Staves
 + Level 0.5 Slings
 + Level 0.5 Bows
 + Level 0.5 Crossbows
 + Level 0.5 Throwing
 + Level 4.5 Armour
 + Level 2.5 Dodging
 + Level 0.5 Stealth
 + Level 0.5 Shields
 + Level 0.5 Unarmed Combat
 + Level 0.5 Spellcasting
 + Level 0.4 Conjurations
 + Level 0.4 Hexes
 + Level 0.4 Summonings
 + Level 0.4 Necromancy
 + Level 0.4 Translocations
 + Level 0.4 Transmutations
 + Level 0.4 Fire Magic
 + Level 0.4 Ice Magic
 + Level 0.4 Air Magic
 + Level 0.4 Earth Magic
 + Level 0.4 Poison Magic
 + Level 4.5 Invocations
 + Level 0.5 Evocations


You had 2 spell levels left.
You didn't know any spells.
Your spell library contained the following spells:

 Spells                   Type           Power      Damage    Failure   Level
 Magic Dart               Conj           0%         1d3       99%         1
 Call Imp                 Summ           0%         N/A       100%        2
 Mephitic Cloud           Conj/Pois/Air  0%         N/A       100%        3
 Animate Dead             Necr           0%         N/A       100%        4
 Borgnjor's Vile Clutch   Necr/Erth      0%         N/A       100%        5
 Death Channel            Necr           0%         N/A       100%        6


Dungeon Overview and Level Annotations

Branches:
Dungeon (2/15)

Altars:

Annotations:
D:2 Jessica


Innate Abilities, Weirdness & Mutations

You have very sharp teeth.
Your uncanny sense of smell can sniff out nearby items.
Your experience applies equally to all skills.


Message History

You continue putting on your +2 pair of gloves of strength.
Jessica mumbles some strange words.
Jessica blinks!
You continue putting on your +2 pair of gloves of strength.
Jessica hits you with a +0 dagger.
Keep equipping yourself?
Jessica hits you with a +0 dagger.
You continue putting on your +2 pair of gloves of strength.
Jessica hits you but does no damage.
You continue putting on your +2 pair of gloves of strength.
Jessica gestures at you while chanting. Pain shoots through your body!
Jessica hits you but does no damage.
You finish putting on your +2 pair of gloves of strength.
You feel stronger.
Unknown command.
You closely miss Jessica. Jessica hits you but does no damage.
Jessica hits you with a +0 dagger.
Unknown command.
It was a potion of cancellation.
You feel magically purged. Jessica hits you but does no damage.
You hit Jessica.
Jessica is heavily wounded.
Jessica hits you with a +0 dagger.
* * * LOW HITPOINT WARNING * * *
Jessica hits you with a +0 dagger.
* * * LOW HITPOINT WARNING * * *
Unknown command.
You closely miss Jessica.
Jessica is heavily wounded.
Jessica mumbles some strange words.
Jessica blinks!
Unknown command.
Jessica gestures at you while chanting. Pain shoots through your body!
* * * LOW HITPOINT WARNING * * *
You closely miss Jessica.
Jessica is heavily wounded.
Jessica casts a spell at you. Pain shoots through your body!
You die...

#. #. #. ####
####.####...###
#......@@...$.#
#.......#...#.#
#.......##.##
#..........#
#.......#####.
#..)..........
#.....<.######
#########


You could see Jessica (fast).

Vanquished Creatures
  2 ball pythons (D:1)
  4 bats (D:1)
  5 endoplasms (D:1)
  3 goblins (D:1)
  A hobgoblin (D:1)
  A quokka (D:1)
  2 frilled lizards (D:1)
  A rat (D:1)
19 creatures vanquished.

Notes
Turn   | Place    | Note
-------+----------+-------------------------------------------
     0 | Abyss:1  | Gargoyl the Gnoll Abyssal Knight began the quest for the
                  | Orb.
     0 | Abyss:1  | Reached XP level 1. HP: 23/23 MP: 3/3
    34 | Abyss:1  | Noticed a large abomination
    41 | Abyss:1  | Noticed a bone dragon
    86 | Abyss:2  | Noticed a raiju
    87 | Abyss:2  | Noticed a raiju
    89 | Abyss:2  | Noticed a raiju
    96 | D:1      | Escaped the Abyss
   343 | D:1      | Reached XP level 2. HP: 29/29 MP: 5/5
  1408 | D:2      | Noticed Jessica
  1414 | D:2      | Identified a scroll of acquirement
  1414 | D:2      | Acquired a +2 pair of gloves of strength
  1426 | D:2      | Killed from afar by Jessica

Illustrated notes

Levels and vault maps discovered:
D:1:      co_arrival_random_square_maze, layout_loops_corners
D:2:      layout_loops_cross, ebering_ecumenical_altar_rust, uniq_jessica,
          uniq_robin

Action                   || total
-------------------------++-------
Melee: Hand axe          ||    53
       Bite              ||     2
Invok: Depart the Abyss  ||     1
  Use: Scroll            ||     3
       Potion            ||     2
Armor: Chain mail        ||    59
Dodge: Dodged            ||    33

Table legend: (Time is in decaauts)
 A = Elapsed time spent in this place.
 B = Non-inter-level travel time spent in this place.
 C = Inter-level travel time spent in this place.
 D = Time resting spent in this place.
 E = Time spent auto-exploring this place.
 F = Levels seen in this place.
 G = Mean time per level.
                   A        B        C        D        E       F      G
               +--------+--------+--------+--------+--------+-----+--------+
         Total |   1429 |   1410 |     19 |      0 |   1164 |   4 |  357.2 |
       Dungeon |   1333 |   1314 |     19 |      0 |   1128 |   2 |  666.5 |
         Abyss |     95 |     95 |      0 |      0 |     36 |   2 |   47.5 |
               +--------+--------+--------+--------+--------+-----+--------+

Top non-repeatable levels by time:
     D:1: 1313 daAuts
 Abyss:1: 70 daAuts
 Abyss:2: 25 daAuts
     D:2: 20 daAuts
